 Dungeon Crawl Stone Soup version 0.30.0-15-g856e2d3f33 (webtiles) character file.

Game seed: 12034673239781789105

135 qw the Chopper (level 5, 0/32 HPs)
             Began as a Gargoyle Fighter on May 20, 2023.
             Slain by a kobold
             ... wielding a +0 club
              (1 damage)
             ... on level 4 of the Dungeon.
             The game lasted 00:01:09 (2199 turns).

qw the Chopper (Gargoyle Fighter)                   Turns: 2199, Time: 00:01:10

Health: 0/32       AC: 19    Str: 22    XL:     5   Next: 18%
Magic:  5/5        EV:  3    Int:  8    God:
Gold:   96         SH:  4    Dex:  9    Spells: 4/4 levels left

rFire   . . .        Y - +2 broad axe (flame)
rCold   . . .        c - +0 buckler
rNeg    + . .        l - +0 plate armour
rPois   inf          (no helmet)
rElec   +            (no cloak)
rCorr   .            (no gloves)
SInv    .            (no boots)
Will    .....        (no amulet) Stlth
                     i - +4 ring of protection
HPRegen 0.25/turn    (no ring)
MPRegen 0.09/turn

%: no passive effects
@: constricted
A: sickness immunity, AC +4, negative energy resistance 1, electricity
resistance, torment resistance 1, petrification resistance
a: no special abilities


You were on level 4 of the Dungeon.
You visited 1 branch of the dungeon, and saw 4 of its levels.

You collected 96 gold pieces.


Innate Abilities, Weirdness & Mutations

You are immune to sickness and miasma.
Your stone body is resilient. (AC +4)
You are immune to poison.
You resist negative energy. (rN+)
You are resistant to electric shocks. (rElec)
You are resistant to unholy torment.
You are immune to petrification.


   Skills:
 - Level 3.2 Fighting
 + Level 4.7 Axes
 - Level 3.2 Armour
 - Level 3.2 Shields


You had 4 spell levels left.
You didn't know any spells.
Your spell library was empty.

Inventory:

Hand Weapons
 Y - a +2 broad axe of flaming (weapon)
Missiles
 e - 4 boomerangs (quivered)
Armour
 c - a +0 buckler (worn)
 l - a +0 plate armour (worn)
Jewellery
 i - a +4 ring of protection (left hand)
Scrolls
 j - a scroll of identify
Potions
 a - a potion of haste
 d - a potion of might
 f - a potion of invisibility {unknown}
 h - a potion of heal wounds {unknown}
 k - a potion of mutation {unknown}
 m - a potion of attraction
 n - a potion of curing {unknown}

Dungeon Overview and Level Annotations

Branches:
Dungeon (4/15)
 Temple: D:4-7

Altars:
Dithmenos

Annotations:
D:3 1 runed translucent door, Crazy Yiuf


Message History

a - a potion of haste;
2160 ||| IDENTIFYING purple potion Crazy Yiuf laughs, "Hah!"
Could not explore, unopened runed door.
(D) Dungeon
Where to? (* - list waypoints, Enter - D:3, ? - help)
What level of the Dungeon? (default 1, ? - help)
You feel less attractive to monsters.
There is a stone staircase leading down here.
You climb downwards.
The kobold shouts!
The goblin shouts!
The ball python hisses angrily.
The ogre shouts!
Found a shadowy altar of Dithmenos.
Found a stone staircase leading down.
There is a stone staircase leading up here.
There are monsters nearby!
Waypoint 3 assigned to D:4.
You throw a boomerang. The boomerang hits the ogre.
The ogre is lightly wounded.
You slice the goblin!! You burn the goblin.
You kill the goblin!
You slash the ogre! You burn the ogre.
The ogre is heavily wounded.
You hit the scorpion. You burn the scorpion. You slash the giant cockroach!
You burn the giant cockroach.
You kill the giant cockroach!
The ogre hits you with a +0 giant spiked club.
The scorpion stings you. The ball python barely misses you.
The ball python grabs you. The ball python constricts you.
The scorpion stings you but does no damage.
You closely miss the ball python. You completely miss the scorpion.
You barely miss the ogre. You closely miss the kobold.
The ogre hits you but does no damage. The scorpion barely misses you.
The ball python bites you but does no damage.
The ball python constricts you. The kobold hits you but does no damage.
You barely miss the ball python. You closely miss the kobold.
You barely miss the scorpion. You slash the ogre! You burn the ogre.
The scorpion stings you. The ball python completely misses you.
The ball python constricts you.
The ogre hits you with a +0 giant spiked club!!
Ouch! That really hurt!
The kobold hits you with a +0 club.
You die...

#############
............#
#..........#
#..........#
##..........#
............##
#.....s.....##
#.....@K.....#
#.....OS.....#
......¤¤¤.....#
##..¤¤¤.......#
###¤.¤¤¤.....#
##¤._.....##
..........#
#........>.#


You could see an ogre, a scorpion, a ball python and a kobold.

Vanquished Creatures
  3 gnolls (D:2)
  3 adders
  3 worms (D:3)
  2 dart slugs
  11 orcs (D:3)
  6 bats
  2 endoplasms
  2 giant cockroaches
  5 goblins
  5 hobgoblins
  2 quokkas (D:3)
  3 ball pythons
  4 frilled lizards
  6 rats
57 creatures vanquished.

Notes
Turn   | Place    | Note
-------+----------+-------------------------------------------
     0 | D:1      | qw the Gargoyle Fighter began the quest for the Orb.
     0 | D:1      | Reached XP level 1. HP: 14/14 MP: 1/1
     0 | D:1      | 0 ||| qw: Version: 0.2-a-97-g6b18286
     0 | D:1      | 0 ||| qw: Game counter: 33
     0 | D:1      | 0 ||| qw: Always use a shield: true
     0 | D:1      | 0 ||| qw: God list: Okawaru
     0 | D:1      | 0 ||| qw: Allow faded altars: false
     0 | D:1      | 0 ||| qw: Do Orc after D:15 true
     0 | D:1      | 0 ||| qw: Do second Lair branch before Depths: true
     0 | D:1      | 0 ||| qw: Lair rune preference: random
     0 | D:1      | 0 ||| qw: Plans: Normal, Zot:1-4, God:TSO, Crypt, Tomb,
                  | Pan, Slime:5, Hells, Abyss, Win
     0 | D:1      | 0 ||| PLANNING D:1-11
    46 | D:1      | Reached skill level 2 in Axes
   503 | D:1      | Reached XP level 2. HP: 19/19 MP: 2/2
   616 | D:1      | 616 ||| UPGRADING to +4 ring of protection.
   617 | D:1      | 617 ||| READING scroll labelled LYECZE LOPUG.
   618 | D:1      | 618 ||| READING 2 scrolls labelled QEOV MOEPT.
   619 | D:1      | 619 ||| DRINKING 2 bubbling black potions.
   620 | D:1      | 620 ||| DROPPING potion of brilliance.
   696 | D:2      | Reached skill level 3 in Axes
   881 | D:2      | Reached XP level 3. HP: 23/23 MP: 3/3
   908 | D:2      | Found the +6 shillelagh "Devastator" {shatter}
   925 | D:2      | 925 ||| DROPPING +0 mace.
  1057 | D:2      | Reached XP level 4. HP: 28/28 MP: 4/4
  1113 | D:2      | 1113 ||| SWAPPING to +2 broad axe of flaming.
  1114 | D:2      | 1114 ||| DROPPING +6 shillelagh "Devastator" {shatter}.
  1115 | D:2      | 1115 ||| DROPPING +0 war axe.
  1180 | D:2      | 1180 ||| Stepping ~*~*~tactically~*~*~ (stealth).
  1181 | D:2      | 1181 ||| Stepping ~*~*~tactically~*~*~ (stealth).
  1185 | D:2      | Reached skill level 4 in Axes
  1259 | D:2      | 1259 ||| READING scroll labelled DUSEAPI PUMOUCW.
  1360 | D:2      | 1360 ||| READING scroll labelled HOQYDGH GEJO.
  1465 | D:3      | 1465 ||| Stepping ~*~*~tactically~*~*~ (stealth).
  1492 | D:3      | 1492 ||| Stepping ~*~*~tactically~*~*~ (stealth).
  1494 | D:3      | 1494 ||| Stepping ~*~*~tactically~*~*~ (stealth).
  1500 | D:3      | 1500 ||| Stepping ~*~*~tactically~*~*~ (stealth).
  1504 | D:3      | 1504 ||| Stepping ~*~*~tactically~*~*~ (stealth).
  1590 | D:3      | 1590 ||| Stepping ~*~*~tactically~*~*~ (hiding).
  1599 | D:3      | Reached XP level 5. HP: 32/32 MP: 5/5
  1634 | D:3      | 1634 ||| Stepping ~*~*~tactically~*~*~ (stealth).
  1635 | D:3      | 1635 ||| Stepping ~*~*~tactically~*~*~ (stealth).
  1691 | D:3      | 1691 ||| Stepping ~*~*~tactically~*~*~ (stealth).
  1715 | D:3      | 1715 ||| Stepping ~*~*~tactically~*~*~ (stealth).
  1882 | D:3      | Found a runed translucent door.
  1883 | D:3      | Noticed Crazy Yiuf
  2147 | D:3      | 2147 ||| UPGRADING to +0 plate armour.
  2157 | D:3      | 2157 ||| DROPPING +0 scale mail.
  2158 | D:3      | 2158 ||| READING scroll labelled PAPOTRE GAPREP.
  2159 | D:3      | 2159 ||| DRINKING 2 pink potions.
  2160 | D:3      | 2160 ||| READING 2 scrolls of identify.
  2160 | D:3      | 2160 ||| IDENTIFYING purple potion
  2194 | D:4      | Noticed an ogre
  2194 | D:4      | Found a shadowy altar of Dithmenos.
  2199 | D:4      | HP: 1/32 [ogre/+0 giant spiked club (18)]
  2199 | D:4      | Slain by a kobold

Levels and vault maps discovered:
D:1:      arrival_zaba_pyramid, layout_basic, kennysheep_another_room
D:2:      layout_loops_cross, minmay_hedge_maze
D:3:      layout_basic, uniq_crazy_yiuf_cottage
D:4:      layout_rooms, grunt_dithmenos_smoke, serial_park_tiny_2,
          due_unseen_surprise

Skill      XL: |  1  2  3  4 |
---------------+-------------+-----
Axes           | 2 3 4 |  4.7
Fighting       | |  3.2
Armour         | |  3.2
Shields        | |  3.2

Action                     |  1- 3 |  4- 6 || total
---------------------------+-------+-------++-------
  Melee: War axe           |    80 |     5 ||    85
         Broad axe         |       |    72 ||    72
  Throw: Boomerang         |       |    30 ||    30
    Use: Scroll            |     2 |     4 ||     6
         Potion            |     1 |     1 ||     2
 Armour: Scale mail        |    43 |    34 ||    77
         Plate armour      |       |     4 ||     4
  Dodge: Dodged            |    37 |    37 ||    74
  Block: Buckler           |    15 |     8 ||    23

Table legend:
 A = Non-vault XP
 B = Vault XP
 C = Vault XP percentage of total XP
 D = Non-vault monster count
 E = Vault monster count
 F = Vault count percentage of total count
                 A         B        C        D         E       F
            +---------+---------+-------+---------+---------+-------
      Total |     194 |       0 |   0.0 |      57 |       0 |   0.0
            +---------+---------+-------+---------+---------+-------
        D:1 |      14 |       0 |   0.0 |       9 |       0 |   0.0
        D:2 |      89 |       0 |   0.0 |      15 |       0 |   0.0
        D:3 |      87 |       0 |   0.0 |      31 |       0 |   0.0
        D:4 |       4 |       0 |   0.0 |       2 |       0 |   0.0
            +---------+---------+-------+---------+---------+-------
